 Dungeon Crawl Stone Soup version 0.22-a0-374-g5dfd9e3 (webtiles) character file.

205 zero the Firebug (level 5, -4/38 HPs)
             Began as a Draconian Fire Elementalist on Apr 26, 2018.
             Killed by nerve-wracking pain
             ... invoked by an orc priest
              (9 damage)
             ... on level 3 of the Dungeon.
             The game lasted 00:07:46 (3739 turns).

zero the Firebug (Draconian Fire Elementalist)      Turns: 3739, Time: 00:07:47

Health: -4/38      AC:  7    Str: 10    XL:     5   Next: 53%
Magic:  1/9        EV: 12    Int: 16    God:
Gold:   159        SH:  0    Dex: 12    Spells: 3/9 levels left

rFire    . . .     SeeInvis .   k - +2 whip (elec)
rCold    + . .     Gourm    .   (no shield)
rNeg     . . .     Faith    .   (armour unavailable)
rPois    .         Spirit   .   (helmet restricted)
rElec    .         Reflect  .   (no cloak)
rCorr    .         Harm     .   c - +1 pair of gloves
MR       .....                  (no boots)
Stlth    ++........             (no amulet)
HPRegen  0.12/turn              p - ring of protection from cold
MPRegen  0.11/turn              (no ring)

@: very slightly contaminated
A: unfitting armour, cold-blooded, AC +5
a: no special abilities


You were on level 3 of the Dungeon.
You were not hungry.

You visited 1 branch of the dungeon, and saw 3 of its levels.

You collected 159 gold pieces.

Inventory:

Hand Weapons
 k - a +2 whip of electrocution (weapon)
 l - a +0 short sword
 m - a +0 mace of holy wrath
Missiles
 e - 25 poisoned needles
 h - 99 stones (quivered)
Armour
 c - a +1 pair of gloves (worn)
Jewellery
 p - a ring of protection from cold (left hand)
Scrolls
 f - a scroll of fog
 n - a scroll of enchant armour
Potions
 a - a potion of degeneration {unknown}
 d - a potion of might
 g - 2 potions of berserk rage
 i - a potion of agility {unknown}
 j - 2 potions of lignification
 q - a potion of curing {unknown}
Comestibles
 b - 4 rations
 r - 6 chunks of flesh


   Skills:
 + Level 1.9 Dodging
 - Level 1.7 Stealth
 + Level 2.7 Spellcasting
 + Level 2.1 Conjurations
 + Level 5.4 Fire Magic


You had 3 spell levels left.
You knew the following spells:

 Your Spells              Type           Power        Failure   Level  Hunger
a - Flame Tongue          Conj/Fire      ##...        4%          1    #......
b - Throw Flame           Conj/Fire      ##....       6%          2    ##.....
c - Conjure Flame         Conj/Fire      ##......     12%         3    ###....


Dungeon Overview and Level Annotations

Branches:
Dungeon (3/15)

Altars:
Elyvilon

Annotations:
D:3 VDreamerV's ghost, amateur BaFi


Innate Abilities, Weirdness & Mutations

Your plain brown scales are hard. (AC +5)
You cannot fit into any form of body armour.
You are cold-blooded and may be slowed by cold attacks.


Message History

You kill the orc!
You hit the orc. Lightning courses through the orc!
You kill the orc!
The rat bites you but does no damage.
You hit the orc. Lightning courses through the orc!
You kill the orc!
You feel sick. The rat misses you.
The orc priest looks braver for a moment.
The rat barely misses you.
You hit the rat. Lightning courses through the rat!
You kill the rat!
The orc priest mumbles some strange prayers to Beogh against you.
Pain shoots through your body!
* * * LOW HITPOINT WARNING * * *
You see here a rat corpse.
You feel sick.
You are no longer poisoned.
The orc priest calls down the wrath of Beogh upon you.
Pain shoots through your body!
You die...

#..#...#..# #...
#..#...#).# ####
########.........# #####
..............##.###....
######.###.#.##.##...##
#.# #.#.##.#.#.#.# #.#
#.#.##)....#.# #.# #
#.####.###.# #@#
#.#####...## #o#
#........### #)#
#######.... ... #####
.#.## # #..... .. # .
#...... # ## ###.).. #
#.#.# #


You could see an orc priest.

Vanquished Creatures
  Purgy (D:2)
  A gnoll (D:1)
  3 adders
  An adder zombie (D:2)
  2 dart slugs
  2 leopard geckos
  8 orcs (D:3)
  A giant cockroach (D:1)
  9 goblins
  4 hobgoblins
  2 jackals (D:1)
  A quokka (D:2)
  4 ball pythons (D:1)
  4 bats
  4 frilled lizards
  6 kobolds
  10 rats
63 creatures vanquished.

Notes
Turn   | Place    | Note
-------+----------+-------------------------------------------
     0 | D:1      | zero the Draconian Fire Elementalist began the quest for the Orb.
     0 | D:1      | Reached XP level 1. HP: 14/14 MP: 3/3
   535 | D:1      | Reached XP level 2. HP: 19/20 MP: 0/5
   548 | D:1      | Learned a level 2 spell: Throw Flame
   669 | D:1      | Reached skill level 4 in Fire Magic
  1216 | D:1      | Reached XP level 3. HP: 26/26 MP: 6/6
  1402 | D:1      | HP: 1/26 [kobold/whip of electrocution (12)]
  1793 | D:2      | Found a white marble altar of Elyvilon.
  2318 | D:2      | Reached XP level 4. HP: 30/33 MP: 7/7
  2566 | D:2      | Reached skill level 5 in Fire Magic
  2647 | D:2      | Learned a level 3 spell: Conjure Flame
  2983 | D:3      | Noticed Purgy
  3025 | D:2      | Killed Purgy
  3025 | D:2      | Reached XP level 5. HP: 11/38 MP: 0/8
  3396 | D:3      | Noticed VDreamerV's ghost (amateur BaFi)
  3739 | D:3      | Killed from afar by an orc priest

Vault maps used:
D:1:      enne_arrival_octagon_isle, minmay_shallow_snake_nest
D:2:      elyvilon_altar_4
D:3:      first_ration, uniq_robin, uniq_purgy

Skill      XL: |  1  2  3  4  5 |
---------------+----------------+-----
Fire Magic     | 4 5 |  5.4
Conjurations   | 2 |  2.1
Dodging        | |  1.9
Stealth        | |  1.7
Spellcasting   | |  2.7

Action                   |  1- 3 |  4- 6 || total
-------------------------+-------+-------++-------
Melee: Unarmed           |    26 |       ||    26
       Tailslap          |     7 |     4 ||    11
       Short sword       |    41 |       ||    41
       Club              |    16 |       ||    16
       Whip              |    37 |    60 ||    97
 Cast: Flame Tongue      |    18 |     3 ||    21
       Throw Flame       |       |     6 ||     6
  Use: Scroll            |     2 |     5 ||     7
 Stab: Sleeping          |     2 |     1 ||     3
  Eat: Chunk             |     4 |     4 ||     8
       Ration            |       |     1 ||     1
Armor: Skin              |    50 |    30 ||    80
Dodge: Dodged            |   109 |    49 ||   158

Table legend:
 A = Spawn XP
 B = Non-spawn XP
 C = Spawn XP percentage of total XP
 D = Spawn monster count
 E = Non-spawn monster count
 F = Spawn count percentage of total count
 G = Total turns spent on level
                    A         B        C        D         E        F      G
               +---------+---------+-------+---------+---------+-------+---------
         Total |       0 |     294 |   0.0 |       0 |      63 |   0.0 |  3739
               +---------+---------+-------+---------+---------+-------+---------
           D:1 |       0 |      69 |   0.0 |       0 |      31 |   0.0 |  1780
           D:2 |       0 |     171 |   0.0 |       0 |      13 |   0.0 |  1583
           D:3 |       0 |      54 |   0.0 |       0 |      19 |   0.0 |   376
               +---------+---------+-------+---------+---------+-------+---------
